 Dungeon Crawl Stone Soup version 0.29-a0-337-g68df138881 (webtiles) character file.

Game seed: 3095085945400318875

60 DarkMailMan the Skirmisher (level 4, 0/40 HPs)
             Began as a Hill Orc Fighter on Apr 16, 2022.
             Was an Initiate of Okawaru.
             Slain by Grinder (3 damage)
             ... on level 3 of the Dungeon.
             The game lasted 00:03:26 (865 turns).

DarkMailMan the Skirmisher (Hill Orc Fighter)        Turns: 865, Time: 00:03:27

Health: 0/40       AC:  7    Str: 20    XL:     4   Next: 4%
Magic:  4/4        EV:  9    Int: 14    God:    Okawaru [......]
Gold:   56         SH:  5    Dex: 16    Spells: 3/3 levels left

rFire   . . .      SeeInvis .   a - +0 war axe
rCold   . . .      Faith    .   c - +0 buckler
rNeg    . . .      Spirit   .   b - +0 scale mail
rPois   .          Reflect  .   (no helmet)
rElec   .          Harm     .   (no cloak)
rCorr   .          Rampage  .   (no gloves)
Will    .....                   (no boots)
Stlth   ..........              (no amulet)
HPRegen 0.13/turn               p - +6 ring of dexterity
MPRegen 0.09/turn               h - +6 ring of intelligence

@: mighty
A: no striking features
a: Renounce Religion


You were on level 3 of the Dungeon.
You worshipped Okawaru.
Okawaru was noncommittal.
You visited 1 branch of the dungeon, and saw 3 of its levels.

You collected 56 gold pieces.

Inventory:

Hand Weapons
 a - a +0 war axe (weapon)
Missiles
 s - a throwing net (quivered)
Armour
 b - a +0 scale mail (worn)
 c - a +0 buckler (worn)
 o - a scarf of resistance
Jewellery
 f - a ring of protection from fire
 h - a +6 ring of intelligence (right hand)
 p - a +6 ring of dexterity (left hand)
Wands
 r - a wand of digging (3)
Scrolls
 g - a scroll of noise {unknown}
 i - a scroll of enchant weapon {unknown}
 j - a scroll of summoning {unknown}
 l - 2 scrolls of identify {unknown}
 m - a scroll of teleportation {unknown}
 n - a scroll of silence {unknown}
 q - a scroll of immolation {unknown}
Potions
 e - 2 potions of curing {unknown}
 k - a potion of brilliance {unknown}


   Skills:
 + Level 4.1 Fighting
 + Level 3.6 Axes
 + Level 3.8 Armour
 + Level 0.1 Dodging
 + Level 3.7 Shields
 * Level 1.1 Invocations


You had 3 spell levels left.
You didn't know any spells.
Your spell library was empty.

Dungeon Overview and Level Annotations

Branches:
Dungeon (3/15)

Altars:
Okawaru
Yredelemnul

Annotations:
D:3 Grinder


Message History

Grinder gestures at you.
You barely resist.
There is an iron altar of Okawaru here.
You kneel at the altar of Okawaru.
You have lost your religion!
Yredelemnul does not appreciate desertion!
Okawaru welcomes you! Grinder hits you.
You closely miss Grinder.
Grinder is lightly wounded.
Grinder hits you!
You slash Grinder!
Grinder is heavily wounded.
Grinder closely misses you. Grinder hits you but does no damage.
You barely miss Grinder.
Grinder is heavily wounded.
Grinder hits you.
You writhe in agony.
You closely miss Grinder.
Grinder is heavily wounded.
Grinder hits you.
You hit Grinder but do no damage.
Grinder is heavily wounded.
Grinder blinks!
Grinder gestures at you.
You suddenly lose the ability to move!
Grinder hits you!
* * * LOW HITPOINT WARNING * * *
You writhe in agony.
* * * LOW HITPOINT WARNING * * *
Grinder says, "Mostly I couldn't keep them alive."
Grinder hits you but does no damage.
You can move again.
You feel very mighty all of a sudden. You block Grinder's attack.
You slash Grinder!
Grinder is severely wounded.
Grinder hits you.
* * * LOW HITPOINT WARNING * * *
You writhe in agony.
You die...

#..<...........
#[........#....
#.#####.##### #
## #.....#
#.###.# ##.## #
######...##.###
#......5......#
..#.##.@.####..
# ##.## #.###.#
#.....#
#####.#####
#.......#
####.......
....<.. .......


You could see Grinder.

Vanquished Creatures
  An adder (D:2)
  A worm (D:2)
  A dart slug (D:2)
  An orc (D:3)
  A bat (D:1)
  4 endoplasms (D:1)
  4 giant cockroaches
  7 hobgoblins
  6 quokkas
  5 ball pythons
  2 frilled lizards
  3 kobolds
  2 rats
38 creatures vanquished.

Vanquished Creatures (collateral kills)
  A rat (D:1)
1 creature vanquished.

Grand Total: 39 creatures vanquished

Notes
Turn   | Place    | Note
-------+----------+-------------------------------------------
     0 | D:1      | DarkMailMan the Hill Orc Fighter began the quest for the
                  | Orb.
     0 | D:1      | Reached XP level 1. HP: 19/19 MP: 1/1
    75 | D:1      | Found a faded altar of an unknown god.
   104 | D:1      | Prayed at the altar of an unknown god.
   104 | D:1      | Became a worshipper of Yredelemnul the Dark
   104 | D:1      | Reached * piety under Yredelemnul
   108 | D:1      | Reached XP level 2. HP: 25/27 MP: 2/2
   398 | D:1      | Reached ** piety under Yredelemnul
   407 | D:1      | Reached skill level 4 in Fighting
   409 | D:1      | Reached XP level 3. HP: 31/33 MP: 3/3
   624 | D:2      | Reached skill level 1 in Invocations
   647 | D:2      | Reached XP level 4. HP: 40/40 MP: 4/4
   827 | D:3      | Found an iron altar of Okawaru.
   842 | D:3      | Noticed Grinder
   854 | D:3      | Fell from the grace of Yredelemnul
   854 | D:3      | Became a worshipper of Warmaster Okawaru
   860 | D:3      | Paralysed by Grinder for 4 turns
   865 | D:3      | Slain by Grinder

Illustrated notes

Levels and vault maps discovered:
D:1:      lightli_arrival_chessboard, layout_rooms,
          chequers_ecumenical_altar_simple_redux, serial_shops,
          nicolae_square_shop, minmay_cupped
D:2:      layout_loops_ring, kennysheep_small_spiral, uniq_sigmund, uniq_robin,
          uniq_crazy_yiuf_cottage
D:3:      layout_rooms, grunt_temple_overflow_holy_war,
          nicolae_overflow_crystal_walls, minmay_misc_feat_alley, uniq_grinder

Skill      XL: |  1  2  3 |
---------------+----------+-----
Axes           | 3 |  3.6
Fighting       | 4 |  4.1
Invocations    | 1 |  1.1
Armour         | |  3.8
Dodging        | |  0.1
Shields        | |  3.7

Action                   |  1- 3 |  4- 6 || total
-------------------------+-------+-------++-------
Melee: War axe           |    88 |    16 ||   104
  Use: Potion            |       |     1 ||     1
Armor: Scale mail        |    37 |     4 ||    41
Dodge: Dodged            |    36 |     5 ||    41
Block: Buckler           |    15 |     4 ||    19

Table legend: (Time is in decaauts)
 A = Elapsed time spent in this place.
 B = Non-inter-level travel time spent in this place.
 C = Inter-level travel time spent in this place.
 D = Time resting spent in this place.
 E = Time spent auto-exploring this place.
 F = Levels seen in this place.
 G = Mean time per level.
                   A        B        C        D        E       F      G
               +--------+--------+--------+--------+--------+-----+--------+
         Total |    902 |    902 |      0 |    111 |    265 |   3 |  300.7 |
       Dungeon |    902 |    902 |      0 |    111 |    265 |   3 |  300.7 |
               +--------+--------+--------+--------+--------+-----+--------+

Top non-repeatable levels by time:
     D:1: 468 daAuts
     D:2: 265 daAuts
     D:3: 169 daAuts
